Unix NetHack Version 5.0.0-0 post-release - last build May 10 2026 23:12:36 (d1fa5d53e341ca933230fdaa984d921c805b60aa,branch:main).

Game began 2026-05-15 09:07:30, ended 2026-05-15 09:48:48.

2932467751, lawful female human Knight

                                                           |...--
               --...|....--..--------------- ----....-     |.<..|
               -....).......................--.......|--------..|
               ................------------........^.|.........)|
               ...                        ----.  ......--------.|
             -GG..                               .....--      |.-
   ----------|@...                                           --..|
   |........-|....                                          -#)-.|
   |..-----..|)...                                          #).).-
   ----   --.......                                         |......---
           ----....                                         --.......|
              -.|..                                          ---.....|

2932467751 the Esquire   St:14 Dx:13 Co:11 In:8 Wi:16 Ch:17  Lawful
Dlvl:4  $:3  HP:0(37) Pw:35(35) AC:3  Xp:4 T:933 

Latest messages:
 You are hit by an arrow.
 You hit the gnome.
 You kill the gnome!
 You have a little trouble lifting 11 arrows.  Continue? [ynq] (q) q
 You are beginning to feel hungry.
 What do you want to eat? [ghilm or ?*] g
 Core dumped.
 You hear crashing rock.
 You are hit by an arrow!
 An arrow misses you.
 You are hit by an arrow.
 You see here an arrow.
 You are hit by an arrow!
 You are hit by an arrow.
 An arrow misses you.
 An elven dagger misses you.
 The hobbit hits!
 You kill the hobbit!
 The gnome hits!
 You kill the gnome!
 You are beginning to feel hungry.
 You feel your magical energy drain away!
 What do you want to eat? [ghilm or ?*] h
 This carrot is delicious!
 A dagger misses you.
 You are beginning to feel hungry.
 What do you want to eat? [ghilm or ?*] g
 Core dumped.
 You are hit by an arrow!
 You are almost hit by an arrow.
 You are hit by an arrow.
 It is missed.
 You catch the dagger! t - a dagger.
 The gnome wields 3 daggers!
 You hit the gnome lord.
 The gnome lord swings his bow.
 The gnome lord hits!
 The gnome thrusts one of her daggers.
 The gnome hits!
 You hit the gnome lord.
 The gnome lord swings his bow.
 The gnome lord hits!
 The gnome thrusts one of her daggers.
 The gnome hits!
 You die...
 Do you want your possessions identified? [ynq] (y) y
 Do you want to see your attributes? [ynq] (y) y
 Do you want an account of creatures vanquished? [ynaq] (y) y
 Do you want to see your conduct and achievements? [ynq] (y) y
 Do you want to see the dungeon overview? [ynq] (y) y

Inventory:
 Coins    ('$')
  $ - 3 gold pieces
 Weapons  (')')
  t - a +0 dagger
  a - a +1 long sword (weapon in right hand)
  b - a blessed +1 lance (alternate weapon; not wielded)
 Armor    ('[')
  d - an uncursed +0 helmet (being worn)
  f - an uncursed +0 pair of leather gloves (being worn)
  n - a cursed -1 pair of high boots
  e - an uncursed +0 small shield (being worn)
  c - an uncursed +1 ring mail (being worn)
 Comestibles  ('%')
  g - 9 uncursed apples
  h - 10 uncursed carrots
  m - an uncursed food ration
  l - an uncursed orange
  i - an uncursed lichen corpse
 Potions  ('!')
  k - an uncursed potion of healing
 Gems/Stones  ('*')
  j - an uncursed worthless piece of violet glass

2932467751 the Knight's attributes:

Background:
 You were an Esquire, a level 4 female human Knight.
 You were lawful, on a mission for Lugh
 who was opposed by Brigit (neutral) and Manannan Mac Lir (chaotic).
 You were right-handed.
 You were in the Gnomish Mines, on level 4.
 You entered the dungeon 933 turns ago.
 You had 126 experience points, 34 more were needed to attain level 5.

Basics:
 You had 0 out of 37 hit points.
 You had all 35 energy points (spell power).
 Your armor class was 3.
 Your wallet contained 3 zorkmids.
 Autopickup was off.

Final Characteristics:
 Your strength was 14 (limit:18/100).
 Your dexterity was 13 (limit:18).
 Your constitution was 11 (limit:18).
 Your intelligence was 8 (limit:18).
 Your wisdom was 16 (limit:18).
 Your charisma was 17 (limit:18).

Final Status:
 You weren't hungry.
 You were unencumbered.
 You were wielding a long sword.
 You had basic skill with long sword.

Final Attributes:
 You were devoutly aligned.
 You could jump.
 You were warded.
 You are dead.

Miscellaneous:
 You didn't encounter any bones levels.
 Total elapsed playing time was 27 minutes and 42 seconds.

Major events:
 Turn
    1: 2932467751 the lawful female human Knight entered the dungeon
  386: entered the Gnomish Mines
  434: attained the rank of Esquire (level 3)
  933: killed by a gnome

You didn't know any spells.

Skills:
 Fighting Skills
   bare handed combat [Unskilled]
   two weapon combat  [Unskilled]
   riding             [Basic]
 Weapon Skills
   dagger             [Unskilled]
   knife              [Unskilled]
   axe                [Unskilled]
   pick-axe           [Unskilled]
   short sword        [Unskilled]
   broadsword         [Unskilled]
   long sword         [Basic]
   two-handed sword   [Unskilled]
   saber              [Unskilled]
   club               [Unskilled]
   mace               [Unskilled]
   morning star       [Unskilled]
   flail              [Unskilled]
   hammer             [Unskilled]
   polearms           [Unskilled]
   spear              [Unskilled]
   trident            [Unskilled]
   lance              [Basic]
   bow                [Unskilled]
   crossbow           [Unskilled]
 Spellcasting Skills
   attack spells      [Unskilled]
   healing spells     [Unskilled]
   clerical spells    [Unskilled]

Voluntary challenges:
 Character rerolling was not enabled.
 You followed a strict vegan diet.
 You were an atheist.
 You were illiterate.
 You never genocided any monsters.
 You never polymorphed an object.
 You never changed form.
 You used no wishes.
Achievements:
 You entered the Gnomish Mines.
 You attained the rank of Esquire.

 The Dungeons of Doom: levels 1 to 2
    Level 1:
       An altar to Lugh.
    Level 2:
       A fountain.
       Stairs down to The Gnomish Mines.
 The Gnomish Mines: levels 3 to 4
    Level 3:
    Level 4: <- You were here.
       Final resting place for
          you, killed by a gnome.


Vanquished creatures:
  a pony
  a gnome leader
  a dwarf
  a coyote
  a hobbit
  2 giant rats
  a cave spider
  a brown mold
 11 gnomes
  4 jackals
  2 kobolds
  a goblin
  a grid bug
  4 lichens
  a kobold zombie
  2 newts
35 creatures vanquished.

No species were genocided or became extinct.

Game over:
                       ----------
                      /          \
                     /    REST    \
                    /      IN      \
                   /     PEACE      \
                  /                  \
                  |    2932467751    |
                  |       3 Au       |
                  |   killed by a    |
                  |      gnome       |
                  |                  |
                  |                  |
                  |       2026       |
                 *|     *  *  *      | *
        _________)/\\_//(\/(/\)/\//\/|_)_______

Fare thee well 2932467751 the Knight...

You died in The Gnomish Mines on dungeon level 4 with 657 points,
and 3 pieces of gold, after 933 moves.
You were level 4 with a maximum of 37 hit points when you died.

